 Dungeon Crawl Stone Soup version 0.30-a0-305-g026cb31310 (webtiles) character file.

Game seed: 16857915191088401316

64136 Sobieck the Grappler (level 15, -1/125 HPs)
             Began as a Ghoul Warper on Oct 22, 2022.
             Was the Champion of Cheibriados.
             Slain by a centaur warrior
             ... wielding a +2 battleaxe of freezing
              (6 damage)
             ... on level 12 of the Dungeon.
             The game lasted 01:05:33 (21754 turns).

Sobieck the Grappler (Ghoul Warper)                Turns: 21754, Time: 01:05:33

Health: -1/125     AC: 22    Str: 45    XL:     15   Next: 12%
Magic:  26/26      EV: 15    Int: 31    God:    Cheibriados [******]
Gold:   2372       SH:  0    Dex: 26    Spells: 11/31 levels left

rFire   + . .      SeeInvis +      - Unarmed
rCold   . . .      Faith    .    (no shield)
rNeg    + + +      Spirit   .    D - +3 plate armour {rF+}
rPois   ∞          Reflect  .    R - +1 hat {SInv}
rElec   .          Harm     .    J - +2 cloak
rCorr   .          Rampage  .    (no gloves)
Will    +....                    d - +1 pair of boots of Tenacity {Dex+3}
Stlth   ..........               p - amulet of magic regeneration {@e2}
HPRegen 0.00/turn                P - +6 ring of strength
MPRegen 0.60/turn                Q - ring of the Black Skies {rPois rC- rN+ Str+5 Int+4}

@: inhibited regen, studying Summonings, very slow
A: claws 1, cold resistance 1, negative energy resistance 3, inhibited
regeneration, torment resistance 2, devour on kill
a: Renounce Religion, Bend Time, Temporal Distortion, Slouch, Step From Time


You were on level 12 of the Dungeon.
You worshipped Cheibriados.
Cheibriados was exalted by your worship.
You visited 2 branches of the dungeon, and saw 17 of its levels.
You also visited: Ossuary and Bailey.

You collected 2372 gold pieces.


Innate Abilities, Weirdness & Mutations

You are immune to poison.
You have sharp fingernails.
Your flesh is cold resistant. (rC+)
You are immune to negative energy. (rN+++)
You do not regenerate when monsters are visible.
You are immune to unholy pain and torment.
You thrive by killing the living.


   Skills:
 + Level 9.4 Fighting
 - Level 4.0 Ranged Weapons
 - Level 0.8 Throwing
 + Level 6.7 Armour
 + Level 7.3 Dodging
 * Level 13.3 Unarmed Combat
 + Level 8.6 Spellcasting
 * Level 12.5 Translocations
 - Level 5.0 Ice Magic
 - Level 3.0 Air Magic
 + Level 8.1 Invocations


You had 11 spell levels left.
You knew the following spells:

 Your Spells              Type           Power      Damage    Failure   Level
a - Frozen Ramparts       Ice            88%        1d14      6%          3
b - Lesser Beckoning      Tloc           100%       N/A       1%          3
c - Teleport Other        Tloc           75%        N/A       1%          3
d - Vhi's Electric Charg  Tloc/Air       100%       N/A       1%          3
e - Blink                 Tloc           100%       N/A       1%          2
f - Cigotuvi's Dreadful   Necr/Pois/Air  38%        N/A       17%         2
g - Manifold Assault      Tloc           75%        N/A       1%          4

Your spell library contained the following spells:

 Spells                   Type           Power      Damage    Failure   Level
 Freeze                   Ice            100%       1d10      2%          1
 Magic Dart               Conj           52%        1d5       17%         1
 Sandblast                Erth           26%        2d8       17%         1
 Hailstorm                Conj/Ice       28%        3d8       19%         3
 Call Imp                 Summ           13%        N/A       26%         2
 Passwall                 Tmut/Erth      10%        N/A       26%         2
 Searing Ray              Conj           26%        2d5       26%         2
 Mephitic Cloud           Conj/Pois/Air  19%        N/A       32%         3
 Airstrike                Air            16%        2d(3-19)  43%         4
 Dazzling Flash           Conj/Hex       26%        N/A       45%         3
 Stone Arrow              Conj/Erth      26%        3d8       45%         3
 Summon Lightning Spire   Summ/Air       22%        N/A       65%         4
 Cause Fear               Hex            6%         N/A       86%         4
 Fulminant Prism          Conj/Hex       6%         3d7       86%         4
 Leda's Liquefaction      Hex/Erth       6%         N/A       86%         4
 Arcjolt                  Conj/Air       11%        1d21      94%         5
 Lightning Bolt           Conj/Air       11%        1d24      94%         5
 Irradiate                Conj/Tmut      6%         3d13      99%         5
 Summon Mana Viper        Hex/Summ       13%        N/A       99%         5
 Maxwell's Capacitive Co  Air            16%        ∞         100%        8
 Beastly Appendage        Tmut           Unusable   N/A       N/A         1
 Wereblood                Tmut           Unusable   N/A       N/A         2
 Spider Form              Tmut/Pois      Unusable   N/A       N/A         3
 Blade Hands              Tmut           Unusable   N/A       N/A         5
 Dragon Form              Tmut           Unusable   N/A       N/A         7

Inventory:

Hand Weapons
 b - a +1 arbalest of flaming {crossbow}
   (You took it off an orc warrior on level 8 of the Dungeon)
 e - a +0 sling of freezing
   (You found it on level 2 of the Dungeon)
Missiles
 c - 7 boomerangs of dispersal {=f!fthrowing}
 h - a throwing net {=f!fthrowing}
 i - 64 poisoned darts {throwing}
 j - a curare-tipped dart {=fthrowing}
 l - 209 stones {throwing}
 y - 11 boomerangs {throwing}
Armour
 d - the +1 pair of boots of Tenacity (worn) {Dex+3}
   (You acquired it on level 5 of the Lair of Beasts)

   Dex:       It affects your dexterity (+3).
 o - the +3 robe of Clouds {*Thunder rCloud rElec}
   (You found it in a bailey)

   It occasionally creates storm clouds above nearby enemies.
   It grants its wearer immunity to clouds.
   rElec:     It insulates you from electricity.
 r - the +3 chain mail "Sogo" {rPois SInv}
   (You took it off an orc on level 10 of the Dungeon)

   rPois:     It protects you from poison.
   SInv:      It lets you see invisible.
 v - a +0 troll leather armour
   (You found it on level 10 of the Dungeon)
 D - a +3 plate armour of fire resistance (worn)
   (You found it in a bailey)
 J - a +2 cloak (worn)
   (You found it on level 5 of the Dungeon)
 R - a +1 hat of see invisible (worn)
   (You took it off Gastronok on level 2 of the Lair of Beasts)
Magical Staves
 z - a staff of death {!astaff}
   (You found it in a bailey)
 Y - a staff of fire {!astaff}
   (You found it on level 4 of the Lair of Beasts)
Jewellery
 a - a +4 ring of protection
   (You took it off a kobold brigand on level 7 of the Dungeon)
 p - an amulet of magic regeneration (around neck) {@e2}
   (You found it on level 4 of the Dungeon)
 t - a ring of see invisible
   (You found it on level 7 of the Dungeon)
 u - an amulet of faith {!P}
   (You found it on level 11 of the Dungeon)
 w - a ring of magical power
   (You found it on level 9 of the Dungeon)
 B - a +6 ring of strength
   (You found it on level 10 of the Dungeon)
 C - an amulet of the acrobat
   (You found it on level 11 of the Dungeon)
 H - a ring of positive energy
   (You found it on level 1 of the Lair of Beasts)
 I - an amulet of regeneration {@e2}
   (You found it on level 7 of the Dungeon)
 K - a +6 ring of strength
   (You found it on level 1 of the Lair of Beasts)
 P - a +6 ring of strength (left claw)
   (You found it on level 1 of the Lair of Beasts)
 Q - the ring of the Black Skies (right claw) {rPois rC- rN+ Str+5 Int+4}
   (You found it on level 3 of the Lair of Beasts)

   [ring of poison resistance]

   Str:       It affects your strength (+5).
   Int:       It affects your intelligence (+4).
   rC:        It makes you vulnerable to cold.
   rPois:     It protects you from poison.
   rN:        It protects you from negative energy.
 S - a ring of protection from fire
   (You found it on level 2 of the Lair of Beasts)
 T - a +4 ring of protection
   (You found it on level 6 of the Dungeon)
Wands
 k - a wand of digging (8)
   (You found it on level 10 of the Dungeon)
 A - a wand of roots (10)
   (You found it on level 3 of the Dungeon)
 W - a wand of polymorph (4)
   (You found it on level 3 of the Lair of Beasts)
 X - a wand of paralysis (32)
   (You found it on level 6 of the Dungeon)
Scrolls
 m - 9 scrolls of vulnerability {!r!r}
 s - 3 scrolls of poison
 L - 6 scrolls of teleportation {@r4}
 N - a scroll of immolation {!r!r}
 O - a scroll of fog
 V - 2 scrolls of torment
 Z - 3 scrolls of fear
Potions
 f - 2 potions of flight
 g - 8 potions of curing {@q1}
 n - 2 potions of brilliance
 q - a potion of invisibility
 x - a potion of magic
 E - a potion of heal wounds {@q2}
 F - a potion of resistance
 G - 3 potions of lignification
 M - 5 potions of attraction {!q}
 U - a potion of ambrosia

Dungeon Overview and Level Annotations

Branches:
Dungeon (12/15) Zot: 38920  Temple (0/1) D:5            Lair (5/5) D:9 Zot: 33775
 Shoals (0/4) Lair:2       Spider (0/4) Lair:3        Slime (0/5) Lair:4
Ossuary (visited)          Bailey (visited)
    Orc: D:9-12

Altars:
Cheibriados
Fedhas
Hepliaklqana
Makhleb
Sif Muna
Uskayaw
Wu Jian
Xom
Yredelemnul
Jiyva

Annotations:
D:3 2 runed translucent doors, 1 transporter, exclusion: orc warrior, ryw's ghost, amateur DsMo
D:8 2 transporters, exclusion: oklob plant, ReploidZero's ghost, journeyman VSWn
D:9 1 runed translucent door, themarg's ghost, journeyman HOMo
D:10 exclusion: obsidian statue

.# #)# #.# #)#
#.# #)# #.#
#.##########.#
#............#
#..###########
#..#...#
#..#.#.##########
#..c@..........<#
#..###.##########
#...........#
#..########.#
#..# #.# #..# #.#
#..# #.# #..# #.#
.########.#####


You could see a centaur warrior.


Message History

You barely miss the centaur warrior.
The wall freezes the centaur warrior.
The centaur warrior hits you but does no damage.
The centaur warrior kicks you but does no damage.
You scratch the centaur warrior but do no damage.
The wall freezes the centaur warrior but does no damage.
The centaur warrior hits you but does no damage.
The centaur warrior kicks you but does no damage.
Unknown command.
You mangle the centaur warrior!! You claw the centaur warrior.
You kill the centaur warrior!
Cheibriados thoroughly appreciates the change of pace.
The frozen ramparts melt away as you move.
l - 209 stones {throwing} (gained 4);
V - 2 scrolls of torment (gained 1)
Items here: )) ††.
A boggart comes into view.
Danger!
Unknown command.
Unknown command.
The boggart gestures wildly while chanting.
The boggart blinks!
You see here a yak corpse.
You eviscerate the boggart!!!
You kill the boggart!
Cheibriados appreciates the change of pace.
Items here: )) ††.
Unknown command.
Things that are here:
a +0 scimitar of flaming {long}; a +0 scale mail You now have 2372 gold pieces (gained 25).
Things that are here:
a +1 long sword {long}; a +0 plate armour; an orc corpse You start resting.
A centaur warrior comes into view.
It is wielding a +2 battleaxe of freezing and quivering atropa-tipped darts.
Danger!
Unknown command.
Unknown command.
There is a stone staircase leading up here.
Unknown command.
Unknown command.
You are studying Summonings.
Your movement speed is very slow.
Your attack delay is about 0.7.
Your damage rating with unarmed combat is about 39 (Base [5 + 13 (UC)] x 187% (Str) x 115% (Fight)).
Your base attributes are Str 19, Int 12, Dex 8.
Unknown command.
The centaur warrior shouts!
The centaur warrior unwields a +2 battleaxe of freezing.
The centaur warrior wields a +0 shortbow.
The centaur warrior shoots an arrow.
The arrow hits you!!
The centaur warrior shoots an arrow.
The arrow completely misses you.
Danger!
The centaur warrior shoots an arrow.
The arrow closely misses you.
The centaur warrior shoots an arrow.
The arrow hits you!
The centaur warrior shoots an arrow.
The arrow hits you.
The centaur warrior shoots an arrow.
The arrow hits you!
The centaur warrior shoots an arrow.
The arrow closely misses you.
The centaur warrior shoots an arrow.
The arrow hits you but does no damage.
The centaur warrior shoots an arrow.
The arrow closely misses you.
The centaur warrior shoots an arrow.
The arrow hits you but does no damage.
The centaur warrior unwields a +0 shortbow.
The centaur warrior wields a +2 battleaxe of freezing.
It glows with a cold blue light!
The centaur warrior hits you with a +2 battleaxe of freezing!
The centaur warrior freezes you. The centaur warrior closely misses you.
The centaur warrior hits you but does no damage.
The centaur warrior kicks you but does no damage.
The centaur warrior closely misses you.
The centaur warrior kicks you but does no damage.
Unknown command.
You completely miss the centaur warrior.
The centaur warrior hits you with a +2 battleaxe of freezing!
* * * LOW HITPOINT WARNING * * *
The centaur warrior freezes you.
* * * LOW HITPOINT WARNING * * *
The centaur warrior completely misses you.
You closely miss the centaur warrior.
The centaur warrior hits you with a +2 battleaxe of freezing!
* * * LOW HITPOINT WARNING * * *
The centaur warrior freezes you.
* * * LOW HITPOINT WARNING * * *
The centaur warrior kicks you but does no damage.
You barely miss the centaur warrior.
The centaur warrior completely misses you.
The centaur warrior barely misses you.
Unknown command.
Unknown command.
You scratch the centaur warrior but do no damage.
The centaur warrior hits you with a +2 battleaxe of freezing!!
* * * LOW HITPOINT WARNING * * *
The centaur warrior freezes you.
* * * LOW HITPOINT WARNING * * *
The centaur warrior kicks you but does no damage.
Unknown command.
Okay, then.
You fail to use your ability.
The centaur warrior hits you but does no damage.
The centaur warrior kicks you but does no damage.
The centaur warrior hits you with a +2 battleaxe of freezing!
* * * LOW HITPOINT WARNING * * *
The centaur warrior freezes you.
You die...

Skill      XL: |  1  2  3  4  5  6  7  8  9 10 11 12 13 14 |
---------------+-------------------------------------------+-----
Unarmed Combat | 3 4 5 7 8 9 10 11 13 | 13.3
Fighting       | 3 4 5 6 7 8 9 |  9.4
Armour         | 1 2 3 4 5 6 |  6.7
Dodging        | 2 3 5 6 7 |  7.3
Spellcasting   | 2 3 4 6 7 8 |  8.6
Invocations    | 1 2 4 5 6 8 |  8.1
Translocations | 3 4 5 7 10 11 12 | 12.5
Ranged Weapons | 1 2 3 4 |  4.0
Air Magic      | 1 3 |  3.0
Ice Magic      | 4 5 |  5.0
Throwing       | |  0.8

Action                   |  1- 3 |  4- 6 |  7- 9 | 10-12 | 13-15 || total
-------------------------+-------+-------+-------+-------+-------++-------
Melee: Unarmed           |   123 |   188 |   325 |   508 |   645 ||  1789
       Punch             |     2 |     5 |    16 |    35 |    52 ||   110
 Fire: Sling             |       |    47 |    65 |       |       ||   112
       Arbalest          |       |       |       |   114 |    80 ||   194
Throw: Stone             |       |     3 |       |       |       ||     3
       Boomerang         |       |    16 |    17 |    20 |       ||    53
       Dart              |       |       |     2 |       |       ||     2
 Cast: Frozen Ramparts   |       |       |       |    15 |    15 ||    30
       Lesser Beckoning  |       |       |       |     2 |       ||     2
       Cigotuvi's Dreadf |       |       |       |     1 |       ||     1
       Manifold Assault  |       |       |       |    18 |    96 ||   114
  Use: Scroll            |       |     9 |    13 |     7 |     7 ||    36
       Potion            |       |     4 |       |     4 |     4 ||    12
 Stab: Sleeping          |       |       |       |     4 |       ||     4
       Distracted        |       |       |       |     1 |       ||     1
Armor: Leather armour    |    14 |       |       |       |       ||    14
       Chain mail        |    48 |   134 |   191 |   171 |       ||   544
       Robe              |       |       |       |    80 |       ||    80
       Scale mail        |       |       |       |     3 |       ||     3
       Plate armour      |       |       |       |       |   327 ||   327
Dodge: Dodged            |    52 |    90 |   158 |   338 |   368 ||  1006

Levels and vault maps discovered:
D:1:      erik_arrival_cave_to_civilisation [erik_arrival_cave_to_hall],
          layout_basic
D:2:      layout_loops_corners, basic_altar
D:3:      cheibrodos_greedy_goblins, layout_loops_cross,
          grunt_temple_overflow_open, jmf_multi_god_temple2,
          gammafunk_ghost_smash
D:4:      layout_basic, lemuel_coloured_pillars_altar, st_stairs_4,
          minmay_misc_feat_enclosed
D:5:      layout_basic, mainiacjoe_overflow_concentric_impassable,
          minmay_temple_entry_steel_oval, enter_ossuary_3,
          kennysheep_windowed_goal
D:6:      layout_cave_pools, kennysheep_generic_room_7
D:7:      layout_gridville, hangedman_decor_opposing
D:8:      layout_cave_pods, lemuel_zombie_altar_yredelemnul, nzn_ghost_randoct
D:9:      layout_roguey, pdpol_wu_jian_five_deadly_venoms, dpeg_lair_monsters,
          enter_bailey_4, ebering_ghost_xom
D:10:     layout_gridville, biasface_ghost_orc_armoury, minivault_22,
          minivault_16, minmay_st_funbox
D:11:     layout_loops_ring
D:12:     minmay_the_grid_triangle_9x9_rhombus_full_mashed
          [minmay_the_grid_triangle_9x9_negative_grid,
          minmay_the_grid_triangle_9x9_alien,
          minmay_the_grid_triangle_9x9_wacky_v,
          minmay_the_grid_triangle_9x9_warning,
          minmay_the_grid_triangle_9x9_minimal,
          minmay_the_grid_triangle_9x9_intruding_spiral,
          minmay_the_grid_triangle_9x9_subtriangle,
          minmay_the_grid_triangle_9x9_prize_insulated], layout_basic,
          david_orc_4, fedhas_altar_3, uniq_josephine, uniq_fannar
Lair:1:   layout_roguey
Lair:2:   layout_long_grid, minmay_shoals_entry_hut,
          lightli_volcano_entry_magma_tube, gauntlet_entry_generic,
          uniq_gastronok
Lair:3:   layout_cave_pods, spider_nest_entry_webs, basic_altar
Lair:4:   layout_regular_city, slime_entry_1, basic_altar, serial_bayou_shore_b
Lair:5:   cheibrodos_lair_end_hotspot, layout_long_grid, minmay_lair_drake_nest,
          infiniplex_staircase_pool, lemuel_fruit_tree

Notes
Turn   | Place    | Note
-------+----------+-------------------------------------------
     0 | D:1      | Sobieck the Ghoul Warper began the quest for the Orb.
     0 | D:1      | Reached XP level 1. HP: 17/17 MP: 2/2
    82 | D:1      | Reached XP level 2. HP: 15/25 MP: 3/3
   176 | D:1      | Reached skill level 3 in Unarmed Combat
   365 | D:1      | You pick up a book of Changes and begin reading...
   391 | D:1      | Reached XP level 3. HP: 22/30 MP: 4/4
  1053 | D:2      | Reached skill level 3 in Fighting
  1204 | D:2      | Reached skill level 4 in Unarmed Combat
  1221 | D:2      | Reached XP level 4. HP: 38/38 MP: 5/5
  1557 | D:2      | Found a shimmering blue altar of Sif Muna.
  2014 | D:3      | Found a blossoming altar of Fedhas.
  2018 | D:3      | You pick up a book of Frost and begin reading...
  2018 | D:3      | You add the spells Freeze, Frozen Ramparts and Hailstorm to
                  | your library.
  2023 | D:3      | Found a snail-covered altar of Cheibriados.
  2024 | D:3      | Found a burning altar of Makhleb.
  2025 | D:3      | Found a hazy altar of Hepliaklqana.
  2036 | D:3      | Became a worshipper of Cheibriados the Contemplative
  2166 | D:3      | Found a large runed translucent door.
  2166 | D:3      | Found a large runed translucent door.
  2180 | D:3      | Noticed an orc warrior
  2510 | D:3      | Identified a scroll of acquirement
  2510 | D:3      | Acquired 1027 gold pieces
  2780 | D:3      | Reached XP level 5. HP: 22/45 MP: 6/6
  2868 | D:4      | Reached skill level 5 in Unarmed Combat
  2929 | D:4      | Learned a level 2 spell: Blink
  2933 | D:4      | Learned a level 3 spell: Lesser Beckoning
  3141 | D:4      | Reached * piety under Cheibriados
  3142 | D:4      | Reached skill level 4 in Fighting
  3153 | D:4      | Reached XP level 6. HP: 39/52 MP: 7/7
  3433 | D:3      | Reached skill level 6 in Unarmed Combat
  3737 | D:3      | Noticed ryw's ghost (amateur DsMo)
  3743 | D:3      | Found a transporter.
  3799 | D:3      | Killed an orc warrior
  4193 | D:4      | Reached skill level 7 in Unarmed Combat
  4254 | D:4      | Reached XP level 7. HP: 56/59 MP: 8/8
  4262 | D:4      | Reached skill level 1 in Armour
  4365 | D:4      | Found a hide-covered altar of Uskayaw.
  4540 | D:5      | Entered Level 5 of the Dungeon
  4615 | D:5      | Learned a level 3 spell: Teleport Other
  4660 | D:5      | Found a staircase to the Ecumenical Temple.
  4669 | D:5      | Reached skill level 2 in Dodging
  4680 | D:5      | Reached ** piety under Cheibriados
  4683 | D:5      | Reached skill level 2 in Spellcasting
  4683 | D:5      | Reached skill level 1 in Invocations
  4787 | D:5      | Reached skill level 3 in Translocations
  4905 | D:5      | Reached skill level 1 in Ranged Weapons
  4987 | D:5      | Found a shimmering altar of Xom.
  5002 | D:5      | Reached XP level 8. HP: 56/67 MP: 10/10
  5053 | D:5      | Found a sand-covered staircase.
  5061 | Ossuary  | Entered an ossuary
  5111 | Ossuary  | HP: 5/67 [mummy (14)]
  5362 | Ossuary  | Reached skill level 2 in Invocations
  5602 | D:5      | Reached skill level 2 in Armour
  5906 | D:5      | You add the spells Arcjolt and Maxwell's Capacitive
                  | Coupling to your library.
  5953 | D:5      | Reached skill level 8 in Unarmed Combat
  6106 | D:5      | Reached *** piety under Cheibriados
  6147 | D:6      | Reached skill level 5 in Fighting
  6277 | D:6      | Reached skill level 2 in Ranged Weapons
  6357 | D:6      | Reached skill level 3 in Dodging
  6451 | D:6      | You pick up a book of Conjurations {@e2} and begin
                  | reading...
  6451 | D:6      | You add the spells Magic Dart, Searing Ray and Fulminant
                  | Prism to your library.
  6463 | D:6      | Reached skill level 3 in Spellcasting
  6463 | D:6      | Reached XP level 9. HP: 74/74 MP: 12/12
  6545 | D:6      | Reached skill level 3 in Invocations
  6710 | D:6      | You pick up a book of Minor Magic and begin reading...
  6710 | D:6      | You add the spells Call Imp and Mephitic Cloud to your
                  | library.
  6714 | D:6      | You pick up a book of Geomancy and begin reading...
  6714 | D:6      | You add the spells Sandblast, Passwall and Stone Arrow to
                  | your library.
  6997 | D:7      | Reached **** piety under Cheibriados
  7004 | D:7      | Reached skill level 4 in Translocations
  7060 | D:7      | Reached skill level 3 in Armour
  7312 | D:7      | Reached skill level 9 in Unarmed Combat
  7312 | D:7      | Reached skill level 4 in Invocations
  7487 | D:7      | Noticed a gargoyle
  7491 | D:7      | Killed a gargoyle
  7492 | D:7      | Reached skill level 3 in Ranged Weapons
  7837 | D:7      | Identified a +2 robe of the Archmagi
  8313 | D:8      | Reached ***** piety under Cheibriados
  8314 | D:8      | Reached skill level 6 in Fighting
  8314 | D:8      | Reached XP level 10. HP: 70/83 MP: 14/14
  8471 | D:8      | Reached skill level 4 in Dodging
  8524 | D:8      | Found a transporter.
  8525 | D:8      | Noticed ReploidZero's ghost (journeyman VSWn)
  8525 | D:8      | Noticed a cyclops
  8543 | D:8      | Reached skill level 5 in Invocations
  8615 | D:8      | Noticed a cyclops
  8630 | D:8      | Noticed an oklob plant
  8738 | D:8      | Found a transporter.
  8978 | D:8      | Reached skill level 4 in Spellcasting
  8991 | D:8      | Found a basalt altar of Yredelemnul.
  9666 | D:9      | Found a flagged portal.
  9684 | Bailey   | Entered a bailey
  9839 | Bailey   | Reached ****** piety under Cheibriados
  9840 | Bailey   | Reached skill level 4 in Armour
  9841 | Bailey   | Reached skill level 10 in Unarmed Combat
  9944 | Bailey   | Found the +3 robe of Clouds {*Thunder rCloud rElec}
  9995 | Bailey   | Noticed a gargoyle
 10008 | Bailey   | Killed a gargoyle
 10009 | Bailey   | Reached skill level 4 in Ranged Weapons
 10009 | Bailey   | Reached skill level 5 in Translocations
 10321 | D:9      | Learned a level 3 spell: Vhi's Electric Charge
 10329 | D:9      | Found an ornate altar of the Wu Jian Council.
 10378 | D:9      | Reached skill level 7 in Fighting
 10409 | D:9      | Noticed a two-headed ogre
 10417 | D:9      | Killed a two-headed ogre
 10418 | D:9      | Reached skill level 5 in Dodging
 10418 | D:9      | Reached skill level 1 in Air Magic
 10418 | D:9      | Reached XP level 11. HP: 74/92 MP: 15/17
 10470 | D:9      | Found a staircase to the Lair.
 10471 | D:9      | Noticed a death yak
 10474 | D:9      | Noticed a death yak
 10475 | D:9      | Noticed a death yak
 10499 | D:9      | Killed a death yak
 10500 | D:9      | Reached skill level 5 in Spellcasting
 10514 | D:9      | Killed a death yak
 10515 | D:9      | Reached skill level 5 in Armour
 10515 | D:9      | Reached skill level 6 in Translocations
 10515 | D:9      | Reached skill level 2 in Air Magic
 10523 | D:9      | Killed a death yak
 10735 | D:9      | Learned a level 3 spell: Frozen Ramparts
 10741 | D:9      | Found a runed translucent door.
 10742 | D:9      | Found a shimmering altar of Xom.
 10742 | D:9      | Noticed themarg's ghost (journeyman HOMo)
 10743 | D:9      | Noticed a +0 trident of chaos
 10951 | D:9      | Reached skill level 3 in Air Magic
 11056 | D:10     | Entered Level 10 of the Dungeon
 11056 | D:10     | Found a runed translucent gate.
 11056 | D:10     | Found a runed translucent gate.
 11056 | D:10     | Found a runed translucent gate.
 11058 | D:10     | Noticed logorrheac's ghost (journeyman DECj)
 11112 | D:10     | Identified the +3 chain mail "Sogo" {rPois SInv}
 11171 | D:9      | Reached skill level 1 in Ice Magic
 11359 | D:10     | Reached skill level 2 in Ice Magic
 11484 | D:10     | Noticed a two-headed ogre
 11489 | D:10     | Killed a two-headed ogre
 11490 | D:10     | Reached skill level 6 in Spellcasting
 11531 | D:10     | Reached skill level 7 in Translocations
 11536 | D:10     | Reached skill level 3 in Ice Magic
 11551 | D:10     | Noticed a centaur warrior
 11571 | D:10     | Noticed an obsidian statue
 11740 | D:10     | Found a runed translucent door.
 11742 | D:10     | Noticed a two-headed ogre
 11999 | D:11     | Acquired the Verses on Black Deeds and Fascination
 12000 | D:11     | You add the spells Cigotuvi's Dreadful Rot, Dazzling Flash,
                  | Leda's Liquefaction, Cause Fear and Summon Mana Viper to
                  | your library.
 12004 | D:11     | Learned a level 2 spell: Cigotuvi's Dreadful Rot
 12177 | D:11     | Noticed a manticore
 12178 | D:11     | Noticed a boulder beetle
 12185 | D:11     | Killed a manticore
 12207 | D:11     | Killed a boulder beetle
 12208 | D:11     | Reached skill level 4 in Ice Magic
 12448 | D:11     | Reached XP level 12. HP: 76/100 MP: 20/20
 12806 | D:11     | Identified the +5 long sword of the Evening {protect, rC+
                  | Will+}
 13202 | D:12     | Reached skill level 5 in Ice Magic
 13388 | D:12     | Reached skill level 7 in Spellcasting
 13388 | D:12     | Reached skill level 8 in Translocations
 13523 | D:12     | Learned a level 4 spell: Manifold Assault
 13668 | Lair:1   | Entered Level 1 of the Lair of Beasts
 13704 | Lair:1   | Reached skill level 9 in Translocations
 13723 | Lair:1   | You pick up a book of Storms and begin reading...
 13723 | Lair:1   | You add the spells Airstrike, Summon Lightning Spire and
                  | Lightning Bolt to your library.
 13778 | Lair:1   | Noticed a boulder beetle
 13796 | Lair:1   | Killed a boulder beetle
 13928 | Lair:1   | Reached skill level 10 in Translocations
 14679 | Lair:1   | Identified the +1 robe of Minarph {Int+5}
 14832 | Lair:2   | Noticed Gastronok
 14847 | Lair:2   | Killed Gastronok
 14848 | Lair:2   | Reached XP level 13. HP: 81/105 MP: 10/22
 14953 | Lair:2   | Found a staircase to the Shoals.
 15116 | Lair:2   | You pick up a book of Transfigurations {@e2} and begin
                  | reading...
 15628 | Lair:2   | You fall into a shaft and drop 1 floor!
 15644 | Lair:3   | Found a hole to the Spider Nest.
 15814 | Lair:3   | Reached skill level 11 in Unarmed Combat
 15822 | Lair:3   | Reached skill level 6 in Invocations
 15834 | Lair:3   | Reached skill level 11 in Translocations
 16082 | Lair:3   | Identified the ring of the Black Skies {rPois rC- rN+ Str+5
                  | Int+4}
 16146 | Lair:3   | Found a burning altar of Makhleb.
 16903 | Lair:4   | Reached skill level 8 in Fighting
 17204 | Lair:4   | Reached skill level 6 in Dodging
 17793 | Lair:4   | Found a viscous altar of Jiyva.
 17793 | Lair:4   | Found a staircase to the Slime Pits.
 18001 | Lair:5   | Entered Level 5 of the Lair of Beasts
 18535 | Lair:5   | Acquired the +1 pair of boots of Tenacity {Dex+3}
 18552 | Lair:5   | You pick up a book of Minor Magic and begin reading...
 18596 | Lair:4   | Reached XP level 14. HP: 49/116 MP: 24/24
 18758 | Lair:4   | Reached skill level 12 in Unarmed Combat
 18885 | Lair:4   | Reached skill level 8 in Spellcasting
 18885 | Lair:4   | Reached skill level 7 in Invocations
 19485 | Lair:5   | Reached skill level 6 in Armour
 19563 | Lair:5   | Reached skill level 12 in Translocations
 19974 | Lair:5   | Reached skill level 9 in Fighting
 20223 | Lair:5   | Reached skill level 7 in Dodging
 20748 | Lair:5   | Found a large runed translucent door.
 20749 | Lair:5   | Found a large runed translucent door.
 21076 | Lair:5   | Reached skill level 13 in Unarmed Combat
 21220 | D:10     | Killed logorrheac's ghost
 21357 | D:10     | Reached skill level 8 in Invocations
 21360 | D:10     | Reached XP level 15. HP: 71/124 MP: 5/26
 21634 | D:12     | Identified the +3 dire flail of Dividends {protect, Fragile
                  | Str-2 Dex+8 Stlth+}
 21753 | D:12     | HP: 21/125 [centaur warrior/+2 battleaxe of freezing (18)]
 21754 | D:12     | HP: 5/125 [centaur warrior/+2 battleaxe of freezing (14)]
 21754 | D:12     | Slain by a centaur warrior

Vanquished Creatures
  Gastronok (Lair:2)
  A fire dragon (Lair:5)
  3 hydras
  2 centaur warriors
  3 two-headed ogres
  3 boulder beetles
  18 death yaks
  The ghost of logorrheac the Thaumaturge, a journeyman DECj of Vehumet (D:10)
  4 deep elf pyromancers
  A lindwurm (Lair:5)
  An orc knight (D:12)
  A manticore (D:11)
  8 elephants (Lair:4)
  5 black mambas
  3 molten gargoyles (Lair:5)
  A torpor snail (Lair:4)
  4 gargoyles
  An unseen horror zombie (D:8)
  7 cane toads
  7 rime drakes
  A freezing wraith (D:12)
  2 kobold demonologists
  An efreet (D:12)
  12 komodo dragons
  An unseen horror (D:10)
  A polar bear (Lair:3)
  7 trolls
  10 blink frogs
  5 slime creatures (D:12)
  A snapping turtle (Lair:2)
  11 dream sheep
  2 vampires
  A wraith (D:12)
  59 yaks
  7 wyverns
  A shadow (D:9)
  3 steam dragons
  8 basilisks
  A redback (Lair:3)
  A vampire mosquito (D:12)
  11 water moccasins
  An acid dragon (D:12)
  4 hell hounds (Lair:5)
  2 ice beasts (D:5)
  2 sky beasts
  6 orc warriors
  A black bear (D:7)
  An ogre (D:6)
  A boggart (D:12)
  11 wolves
  3 centaurs
  2 phantoms (D:5)
  6 kobold brigands
  12 bullfrogs
  2 gnoll sergeants
  A necrophage (D:4)
  3 scorpions
  8 wights
  6 killer bees
  7 vampire bats (Bailey)
  An electric eel (Lair:2)
  8 wolf zombies (Bailey)
  5 howler monkeys
  5 lava snakes (Lair:5)
  2 hounds (D:6)
  4 jellies
  5 orc priests
  2 gnoll boudas
  5 iguanas
  8 orc wizards
  7 hell rats
  8 mummies (Ossuary)
  A howler monkey zombie (D:8)
  17 gnolls
  9 adders
  2 river rats (D:9)
  2 shadow imps
  3 white imps
  2 worms
  6 dart slugs
  41 orcs
  9 ball pythons
  12 bats
  8 endoplasms
  2 giant cockroaches
  13 goblins
  9 hobgoblins
  8 jackals
  5 quokkas
  5 frilled lizards
  A goblin zombie (D:5)
  2 hobgoblin zombies (Ossuary)
  29 kobolds
  4 kobold zombies (Ossuary)
  20 orc zombies
  10 rats
580 creatures vanquished.

Vanquished Creatures (others)
  An unseen horror (D:10)
  A rime drake (Lair:5)
  A bush (Lair:5)
  39 fungi
  58 plants
100 creatures vanquished.

Grand Total: 680 creatures vanquished

Table legend:
 A = Non-vault XP
 B = Vault XP
 C = Vault XP percentage of total XP
 D = Non-vault monster count
 E = Vault monster count
 F = Vault count percentage of total count
                 A         B        C        D         E       F
            +---------+---------+-------+---------+---------+-------
      Total |   65528 |   26095 |  28.5 |     427 |     155 |  26.6
            +---------+---------+-------+---------+---------+-------
        D:1 |      54 |       5 |   8.5 |      32 |       2 |   5.9
        D:2 |      66 |       0 |   0.0 |      25 |       0 |   0.0
        D:3 |     199 |      15 |   7.0 |      14 |       8 |  36.4
        D:4 |     238 |      88 |  27.0 |      27 |       2 |   6.9
        D:5 |    1039 |      37 |   3.4 |      25 |       2 |   7.4
        D:6 |     721 |     258 |  26.4 |      20 |       3 |  13.0
        D:7 |    1642 |       0 |   0.0 |      31 |       0 |   0.0
        D:8 |    1538 |     419 |  21.4 |      34 |       2 |   5.6
        D:9 |    3540 |    2555 |  41.9 |      29 |      16 |  35.6
       D:10 |    2413 |    4408 |  64.6 |      16 |      19 |  54.3
       D:11 |    3409 |       0 |   0.0 |       7 |       0 |   0.0
       D:12 |    3318 |    4555 |  57.9 |      14 |      13 |  48.1
     Lair:1 |    8181 |       0 |   0.0 |      34 |       0 |   0.0
     Lair:2 |    1094 |    1789 |  62.1 |       5 |       2 |  28.6
     Lair:3 |    7389 |     181 |   2.4 |      14 |       1 |   6.7
     Lair:4 |   16545 |    1301 |   7.3 |      59 |       4 |   6.3
     Lair:5 |   14142 |    8752 |  38.2 |      41 |      30 |  42.3
    Ossuary |       0 |     152 | 100.0 |       0 |      16 | 100.0
     Bailey |       0 |    1580 | 100.0 |       0 |      35 | 100.0
            +---------+---------+-------+---------+---------+-------

Illustrated notes

Table legend:
 A = Kills in this place as a percentage of kills in entire the game.
 B = Kills by you in this place as a percentage of kills by you in the entire game.
 C = Kills by friends in this place as a percentage of kills by friends in the entire game.
 D = Other kills in this place as a percentage of other kills in the entire game.
 E = Experience gained in this place as a percentage of experience gained in the entire game.
 F = Experience gained in this place divided by the number of levels of this place that you have seen.
                   A       B       C       D       E      F
               +-------+-------+-------+-------+-------+----------------------
         Total | 100.0 | 100.0 |   N/A | 100.0 | 100.0 | 4822.3
       Dungeon |  58.6 |  58.6 |   N/A |  50.0 |  33.3 | 2543.1
          Lair |  32.6 |  32.6 |   N/A |  50.0 |  64.8 | 11874.8
       Ossuary |   2.7 |   2.8 |   N/A |   0.0 |   0.2 | 152.0
        Bailey |   6.0 |   6.0 |   N/A |   0.0 |   1.7 | 1580.0
               +-------+-------+-------+-------+-------+----------------------

Table legend: (Time is in decaauts)
 A = Elapsed time spent in this place.
 B = Non-inter-level travel time spent in this place.
 C = Inter-level travel time spent in this place.
 D = Time resting spent in this place.
 E = Time spent auto-exploring this place.
 F = Levels seen in this place.
 G = Mean time per level.
                   A        B        C        D        E       F      G
               +--------+--------+--------+--------+--------+-----+--------+
         Total |  30958 |  28332 |   2626 |   4503 |  15871 |  19 | 1629.4 |
       Dungeon |  18288 |  16484 |   1804 |   1833 |  10139 |  12 | 1524.0 |
          Lair |  11224 |  10403 |    821 |   2381 |   5479 |   5 | 2244.8 |
       Ossuary |    609 |    609 |      0 |    241 |    115 |   1 |  609.0 |
        Bailey |    837 |    837 |      0 |     48 |    136 |   1 |  837.0 |
               +--------+--------+--------+--------+--------+-----+--------+

Top non-repeatable levels by time:
  Lair:5: 3008 daAuts
  Lair:4: 2994 daAuts
    D:11: 2205 daAuts
     D:8: 2130 daAuts
     D:7: 2053 daAuts
  Lair:3: 2020 daAuts
    D:10: 1853 daAuts
  Lair:1: 1808 daAuts
     D:9: 1665 daAuts
     D:3: 1440 daAuts
  Lair:2: 1393 daAuts
     D:4: 1380 daAuts
     D:5: 1357 daAuts
     D:2: 1318 daAuts
     D:6: 1038 daAuts
